[Event "Marcel Invitational Chess-ch 2022"]
[Site "Dhaka"]
[Date "2022.04.23"]
[Round "5.1"]
[White "Ahmed, Sheikh Nasir"]
[Black "Manon, Reja Neer"]
[Result "0-1"]
[ECO "A25"]
[WhiteElo "2168"]
[BlackElo "2209"]
[Annotator "TA"]
[PlyCount "160"]
[EventDate "2022.04.18"]
[EventCountry "BAN"]
[SourceTitle "playchess.com"]
[Source "ChessBase"]
[SourceQuality "1"]
[TimeControl "5400+30"]

1. c4 e5 2. Nc3 Nc6 3. a3 g6 4. g3 Bg7 5. Bg2 d6 6. d3 {[%emt 0:02:38] A25: English Opening vs King's Indian with ...Nc6 but without early d3.} Be6 7. e3 Nge7 8. Nd5 {[%emt 0:00:11] The position is equal.} Rb8 9. Ne2 O-O 10. O-O Qd7 {[%emt 0:13:52] [#]} 11. Rb1 $146 ({Predecessor:} 11. Nec3 Nd8 12. Qa4 Nxd5 13. Qxd7 Bxd7 14. cxd5 f5 15. Bd2 c5 16. Rab1 Nf7 17. Rfc1 {½-½ (37) Mnguni,J (2132)-Mthunzi,B (2090) Durban 2017}) 11... a6 12. b4 b5 13. Nec3 f5 14. a4 (14. cxb5 $11 axb5 15. Qc2) 14... bxc4 $15 15. dxc4 e4 16. b5 Ne5 17. Qe2 (17. Nxe7+ $15 Qxe7 18. Nd5) 17... axb5 18. axb5 Nd3 19. Bd2 (19. Nxe7+ $142 Qxe7 20. Nd5) 19... Bxd5 ({Black should play} 19... Bxc3 20. Bxc3 Nxd5 21. cxd5 Bxd5) 20. cxd5 $17 Bxc3 21. Bxc3 Rxb5 22. Qa2 Rfb8 $1 ({But not} 22... Rxd5 $6 23. f3 exf3 24. Bxf3 $11) 23. f3 (23. Rbd1 $142) 23... Rxb1 $1 ({Don't do} 23... Nxd5 24. fxe4 Rxb1 25. Qxd5+ Kf8 26. Qxd3 Rxf1+ 27. Bxf1 fxe4 28. Qd4 $16 (28. Qxe4 Qf5 $16)) 24. Rxb1 Rxb1+ 25. Qxb1 Nxd5 {[%emt 0:01:20] Pair of Knights!} 26. Bd4 (26. fxe4 $17 {is a better defense.} Nxc3 27. Qxd3 Nxe4 28. Bxe4 fxe4 29. Qd5+ Kf8 30. Qxe4) 26... Qe6 $19 27. Qb8+ (27. Qb7 {keeps fighting.}) 27... Kf7 28. Qh8 c5 29. Qxh7+ Ke8 {[%emt 0:00:07] Active counter play!} 30. Qh8+ Kd7 31. fxe4 cxd4 32. Qxd4 fxe4 33. Bxe4 N3b4 34. Qg7+ {[%emt 0:00:23] [#]} Ne7 $1 35. Qd4 Nbc6 36. Qd3 d5 37. Bg2 Ke8 38. Qb3 Kf7 39. h4 $2 (39. Qc3 {was necessary.}) 39... Ne5 40. Qd1 (40. Qb8 $142) 40... Ng4 41. Qf3+ Kg7 42. e4 (42. Bh3 Qxe3+ 43. Qxe3 Nxe3 44. Kf2) 42... Qb6+ 43. Kh1 Qb1+ 44. Qf1 Qxf1+ 45. Bxf1 Nf2+ (45... dxe4 $142 46. Be2 Ne5) 46. Kg2 Nxe4 47. g4 {[%emt 0:00:15] Prevents Nf5.} Nc6 {[%emt 0:00:52] Hoping for ...Ne5.} 48. Ba6 Ne5 {[%emt 0:00:44] ...d4 is the strong threat.} 49. g5 Nc5 50. Be2 Ne6 51. Kg3 {[%emt 0:00:20] Inhibits Nf4.} Kf8 52. h5 gxh5 53. Bxh5 Ke7 54. Bd1 Nxg5 55. Kf4 Kf6 56. Bb3 Ne6+ (56... Nc4 $142 57. Bc2 Ne6+ 58. Kg3 Ke5 59. Kf2 Ng5 60. Ba4 Ne4+ 61. Kf3 Nc5 62. Be8 Kd4 63. Ke2 Kc3 64. Bg6 d4 65. Kd1 Nd2 66. Ke2 Nce4 67. Be8 d3+ 68. Ke3 Nc4+ 69. Kf4 {[#]} d2 $1 70. Ba4 Kd3 71. Bb3 Ne3 72. Ba4 Nc5 73. Bb5+ Nc4 74. Kg5 d1=Q 75. Bxc4+ Kxc4 76. Kf4 Qf1+ 77. Kg5 Ne4+ 78. Kh6 Qf6+ 79. Kh7 Nc5 80. Kg8 Ne6 81. Kh7 Qg7#) 57. Ke3 d4+ 58. Ke4 Nc6 {[%emt 0:00:05] ( -> ...Nc5+)} 59. Bc4 (59. Bd1 $142) 59... Ke7 (59... Nc7 $142 {Threatens to win with ...Ke7.} 60. Bb3 Na6) 60. Kd5 Kd7 61. Bf1 (61. Bb3 $142) 61... Ncd8 (61... Ne7+ $142 62. Ke5 Ng6+ 63. Kf6 Ngf4) 62. Bc4 Kc7 {[%emt 0:00:10] aiming for ...Kb6.} 63. Bf1 Kb6 64. Kc4 Kc6 {[%emt 0:00:07] Black mates.} 65. Bd3 Kd6 66. Bh7 Ke5 67. Kd3 Nb7 68. Kc4 Nd6+ 69. Kd3 Nf4+ 70. Kd2 Ne4+ 71. Kd1 d3 72. Bg8 Kd4 73. Bb3 Ke3 74. Bc2 Nf2+ 75. Kc1 d2+ 76. Kb1 N4d3 77. Ba4 Ke2 78. Ka2 Ke1 79. Ka3 Nc5 80. Bc2 Nfd3 {[%emt 0:00:07] Weighted Error Value: White=0.81/Black=0.37} 0-1

[Event "Marcel Invitational Chess-ch 2022"]
[Site "Dhaka"]
[Date "2022.04.23"]
[Round "5.2"]
[White "Mohammad Minhaz Uddin"]
[Black "Jamal Uddin"]
[Result "1-0"]
[ECO "B33"]
[WhiteElo "2267"]
[BlackElo "2106"]
[Annotator "TA"]
[PlyCount "75"]
[EventDate "2022.04.18"]
[EventCountry "BAN"]
[SourceTitle "playchess.com"]
[Source "ChessBase"]
[SourceQuality "1"]
[TimeControl "5400+30"]

1. e4 c5 2. Nf3 Nc6 3. d4 cxd4 4. Nxd4 Qb6 5. Nb3 Nf6 6. Nc3 e6 7. Be3 Qc7 8. a3 a6 9. f4 d6 10. g4 $1 {[%emt 0:02:19][%cal Bg2g4,Bg4g5][%mdl 4] now scores much better than the old 10.Be2. B33: Sicilian: Pelikan and Sveshnikov Variations.} b5 11. Bg2 (11. g5 $5 Nd7 12. Bg2 $14) 11... Bb7 ({Black should try} 11... Nd7 $14) 12. g5 {[%emt 0:04:12] White is better.} Nd7 13. h4 Nb6 {[%emt 0:03:36] [#]} 14. Nd2 $146 (14. Qe2 Nc4 15. Bc1 Qb6 16. Nd1 Rc8 17. c3 N6a5 18. Nxa5 Nxa5 19. Be3 Qc7 20. Nf2) (14. Qe2 $16) ({Predecessor:} 14. Qe2 Nc4 15. Bc1 Qb6 16. Nd1 Rc8 17. c3 N6a5 18. Nxa5 Nxa5 19. Be3 Qc7 20. Nf2 {1-0 (31) Gretarsson,H (2571)-Piasetski,L (2222) Reykjavik 2019}) 14... Na5 15. Qe2 Nbc4 16. Nxc4 Nxc4 17. Bd4 e5 {[%emt 0:10:15] [#]} 18. Nd5 $1 Bxd5 19. exd5 {[%emt 0:00:02] Strongly threatening fxe5.} Be7 20. Bc3 Rc8 21. Rh3 {[%emt 0:04:07] aiming for b3.} f6 $2 (21... Qc5) (21... Qc5 $16 {was necessary.}) 22. b3 $18 Nb6 23. O-O-O {[%emt 0:00:24][%cal Be1c1,Bc1b2,Bb2a2][%mdl 32] Hoping for gxf6.} Nd7 24. Re3 (24. Be4) (24. Be4 $18) 24... O-O $16 25. Bh3 {[%emt 0:01:22] White is more active. A strong pair of Bishops.} Rcd8 (25... exf4 $16 26. Rxe7 Qxc3 27. Be6+ Kh8) 26. Kb2 Nc5 $2 (26... f5 $16 {is a better defense.} 27. fxe5 dxe5) 27. gxf6 $18 ({Not} 27. fxe5 fxe5 28. Kb1 Rf4 $16) 27... Bxf6 28. fxe5 dxe5 29. Bxe5 Qb6 30. h5 Rb8 $2 (30... Rde8) 31. Ka2 Bxe5 32. Rxe5 b4 33. d6 {[%emt 0:01:22] Re7 would kill now.} Kh8 34. h6 {[%emt 0:04:06] White mates.} gxh6 35. Re7 Rf6 {[%emt 0:00:31] [#]} 36. Rxh7+ $3 Kxh7 37. Qe7+ Kg6 38. Rg1+ {[%emt 0:00:03][%mdl 64] Overworked Piece.  Weighted Error Value: White=0.12 (very precise) /Black=0.72} 1-0

[Event "Marcel Invitational Chess-ch 2022"]
[Site "Dhaka"]
[Date "2022.04.23"]
[Round "5.3"]
[White "Jabed Al Azad"]
[Black "Anata, Choudhury"]
[Result "1/2-1/2"]
[ECO "B87"]
[WhiteElo "2043"]
[BlackElo "2170"]
[Annotator "TA"]
[PlyCount "154"]
[EventDate "2022.04.18"]
[EventCountry "BAN"]
[SourceTitle "playchess.com"]
[Source "ChessBase"]
[SourceQuality "1"]
[TimeControl "5400+30"]

1. e4 c5 2. Nf3 d6 3. d4 cxd4 4. Nxd4 Nf6 5. Nc3 a6 6. Bc4 e6 7. Bb3 b5 8. O-O Be7 9. Qf3 Qb6 10. Be3 Qb7 11. a3 O-O 12. Bg5 {[%emt 0:01:40] B87: Sicilian Scheveningen/Najdorf: 6 Bc4, with early ...b5.} Nc6 13. Nxc6 Qxc6 14. Rad1 Bb7 15. Qg3 {[%emt 0:01:14] [#]} Nh5 $146 ({Predecessor:} 15... Qc5 16. Bh6 Ne8 17. Be3 Qc7 18. f4 Bf6 19. f5 Be5 20. Bf4 exf5 21. Bxe5 dxe5 22. Rxf5 Kh8 23. Qxe5 Qxe5 24. Rxe5 {1-0 (32) Sigfusson,S (2288)-Schartz,A (2123) Izmir 2004}) 16. Qh4 Bxg5 17. Qxg5 Nf6 18. Rfe1 Rfd8 19. Rd3 Qc5 20. Qh4 Qe5 21. Qg3 Qxg3 22. hxg3 Kf8 23. f3 Ke7 24. Red1 Bc6 25. Kf2 Ne8 26. Re1 Rac8 27. Rd4 Rb8 28. Rd2 Nc7 29. Red1 Na8 30. Ne2 Nb6 31. Nd4 Be8 32. f4 Rbc8 33. c3 Nd7 34. g4 Nc5 35. Bc2 h6 36. Ke3 Bd7 37. Kf3 Nb7 38. Bd3 Rh8 39. Rh1 Nc5 40. Bc2 Rb8 41. g3 Rhd8 42. Rhd1 Be8 43. Ke3 Rdc8 44. Nb3 Na4 45. Rb1 (45. Rxd6 $2 Nxb2 46. R6d3 Rc7 $19) 45... Rc7 46. Nd4 Nb6 {[%emt 0:00:51] [#] And now ...Nc4+ would win.} 47. Bd3 Nd7 48. Rbd1 Rb6 49. Kf3 Nc5 50. Bc2 a5 51. Nb3 Na4 52. Bd3 ({Don't go for} 52. Nxa5 $2 Nxb2 53. Rb1 Rxc3+ 54. Ke2 {[#]} Rxa3 $1 55. Rxb2 Rxa5 $19) 52... b4 53. axb4 (53. Nxa5 $2 bxc3 54. bxc3 Bb5 $19) 53... axb4 54. c4 Nc5 55. Nxc5 dxc5 56. b3 Ra6 57. e5 Rd7 58. Bc2 Ra2 {[%emt 0:00:15][%cal Oa2c2] Strongly threatening ...Rxc2!} 59. Rxd7+ Bxd7 $11 {[%emt 0:00:03][%mdl 4096] Endgame KRB-KRB} 60. Rd2 Ba4 {[%emt 0:03:58][%cal Oa4b3] Hoping for ...Bxb3!} 61. Ke3 ({Much worse is} 61. bxa4 b3 62. Rd1 Rxc2 $17) 61... Bc6 (61... Ra3 $5 62. Rd3 Bc6 $11) 62. Bd1 Ra1 63. Rd3 f6 64. Rd2 fxe5 65. fxe5 Be8 66. Kf4 Rc1 {[%emt 0:00:21] ...Rc3 is the strong threat.} 67. Ke3 Bg6 68. Kf2 Be4 69. Ke3 Bg6 70. Kf2 $1 Rc3 71. Rd6 Rd3 $2 (71... Bd3 $17) 72. Rxd3 $2 (72. Bc2 $18 Rxg3 73. Kxg3 (73. Bxg6 Rxg4 74. Bd3 Rg5 $14) 73... Bxc2 74. Rc6) 72... Bxd3 $18 {[%emt 0:00:03] KB-KB. The position is equal.} 73. Ke3 Bb1 74. Kf4 Kf7 {[%emt 0:01:33] aiming for ...Kg6.} 75. g5 Kg6 {[%emt 0:00:44] Prevents Bh5+.} 76. gxh6 Kxh6 77. g4 g5+ {[%emt 0:00:23] Weighted Error Value: White=0.05 (flawless) /Black=0.04 (flawless)} (77... Kg6 $5) 1/2-1/2

[Event "Marcel Invitational Chess-ch 2022"]
[Site "Dhaka"]
[Date "2022.04.23"]
[Round "5.4"]
[White "Islam, Khandaker Aminul"]
[Black "Md, Sariatullah"]
[Result "1/2-1/2"]
[ECO "B00"]
[WhiteElo "2153"]
[BlackElo "1990"]
[Annotator "TA"]
[PlyCount "61"]
[EventDate "2022.04.18"]
[EventCountry "BAN"]
[SourceTitle "playchess.com"]
[Source "ChessBase"]
[SourceQuality "1"]
[TimeControl "5400+30"]

1. d4 b6 2. e4 Bb7 3. Bd3 e6 4. Be3 f5 5. exf5 Bxg2 (5... Bb4+ $16 6. Kf1 exf5) 6. Qh5+ $18 {[%emt 0:00:13] B00: Queen's Fianchetto Defence, Nimzowitsch Defence.} g6 {[%emt 0:00:19] [#]} 7. fxg6 {[%emt 0:00:08] Hoping for g7+.} Bg7 {[%emt 0:00:07] Strongly threatening ...Nf6.} 8. gxh7+ {[%emt 0:01:56] White is clearly better.} Kf8 {[%emt 0:00:05] [#]} 9. Ne2 $1 Nf6 {[%emt 0:00:40] [#]} 10. Qh4 {[%emt 0:00:43] Black must now prevent Rg1.} Bxh1 11. Nf4 {[%emt 0:00:15] White is more active.} ({White should try} 11. Bg5 $16) 11... Nc6 $11 {[%emt 0:01:19][%cal Of6h7] And now ...Nxh7! would win.} 12. Ng6+ (12. Nd2 $11) 12... Kf7 $1 $15 13. Nxh8+ Qxh8 {[%emt 0:00:33] [#]} ({Don't play} 13... Bxh8 14. Nd2 $16) 14. Nd2 $146 ({Predecessor:} 14. c3 Ne7 15. Nd2 Nf5 16. Bxf5 exf5 17. f3 Qxh7 18. Qxh7 Nxh7 19. Kf2 Bxf3 20. Nxf3 {1-0 (50) Oganian,M (2133)-Nazarov,M Krasnodar 2010}) 14... Ne7 (14... Nb4 $15 15. f3 Nfd5) 15. f3 $36 {[%emt 0:02:21][%mdl 2048] White wants to play Ne4. White fights for an advantage.} Nf5 (15... Ned5 16. Bf2 Nxh7 17. Bxh7 Nf6) (15... Ned5 $1 $11 16. Bf2 Nxh7 17. Bxh7 Nf6) 16. Bxf5 $14 {[%emt 0:02:08] Chess con chili.} exf5 17. Kf2 ({White should play} 17. Ke2 $16) 17... Bxf3 18. Kxf3 (18. Nxf3 $14 Ng4+ 19. Ke2) 18... Qxh7 $11 19. Qxh7 Nxh7 20. c3 Nf6 21. Bf4 d6 22. Re1 Rh8 23. Nf1 Bh6 24. Bg3 Bg5 25. Re2 Ne4 26. Be1 d5 27. Bg3 c5 28. Be5 (28. Ne3) 28... Bf6 {[%emt 0:00:29] Black is slightly better.} 29. Bxf6 Kxf6 (29... Nxf6 30. dxc5 bxc5 31. Kf4) ({But not} 29... Nxf6 30. dxc5 bxc5 31. Kf4 $14) 30. Ne3 Ke6 31. Nf1 {[%emt 0:30:01] Blacks defense is rewarded with a draw.  Weighted Error Value: White=0.18 (very precise) /Black=0.16 (very precise)} (31. Rg2 $15) 1/2-1/2

[Event "Marcel Invitational Chess-ch 2022"]
[Site "Dhaka"]
[Date "2022.04.23"]
[Round "5.6"]
[White "Rahman, Syed Mahfuzur"]
[Black "Kazi Zarin, Tasnim"]
[Result "1-0"]
[ECO "D52"]
[WhiteElo "2099"]
[BlackElo "1816"]
[Annotator "TA"]
[PlyCount "77"]
[EventDate "2022.04.18"]
[EventCountry "BAN"]
[SourceTitle "playchess.com"]
[Source "ChessBase"]
[SourceQuality "1"]
[TimeControl "5400+30"]

1. d4 Nf6 2. Nf3 e6 3. c4 d5 4. Nc3 c6 5. Bg5 Nbd7 6. e3 Qa5 7. Nd2 Bb4 8. Qc2 O-O 9. Bf4 Re8 {[%emt 0:02:24] D52: Queen's Gambit Declined: Cambridge Springs Variation.} 10. Be2 {[%emt 0:13:37] [#]} Qd8 $146 (10... e5 $11 11. dxe5 Nxe5) ({Predecessor:} 10... e5 11. dxe5 Nxe5 12. O-O Nxc4 13. Nxc4 dxc4 14. Bxc4 Be6 15. Bxe6 Rxe6 16. Rfd1 Bxc3 17. bxc3 Nd5 18. c4 Nxf4 19. exf4 Rae8 20. g3 Re2 21. Qb3 Qc5 22. Qf3 Qxc4 23. Rd7 Re1+ {0-1 (23) Zhukova,N (2328)-Goryachkina,A (2579) Moscow 2020}) 11. O-O $14 Qe7 {[%emt 0:02:31] White is slightly better.} 12. e4 {[%emt 0:15:40] White is more active.} (12. a3 Bxc3 13. bxc3 (13. Qxc3 dxc4 14. Bg3 b5)) (12. a3 $16 Bxc3 13. bxc3 (13. Qxc3 dxc4 14. Bg3 b5 $14)) 12... dxe4 $11 13. Ndxe4 e5 14. dxe5 Nxe5 15. Bg5 Bxc3 16. Nxc3 h6 17. Bh4 Ng6 18. Bg3 Ne4 (18... Bg4 $11 19. Bxg4 Nxg4) 19. Nxe4 $14 Qxe4 20. Bd3 Qe6 21. f4 {[%emt 0:04:08][%cal Bf2f4,Bf4f5,Bf5f6][%mdl 32] [#] Threatens to win with f5.} Qf6 22. f5 Nf8 23. Qf2 b6 24. Rad1 (24. Bh4 $16 g5 25. fxg6 Qxf2+ 26. Rxf2 (26. Bxf2 Nxg6 27. Rae1 Rxe1 $16) 26... Nxg6 27. Bf6) 24... Ba6 25. b3 Qe7 {[%emt 0:03:11] A mistake that costs the game.} ({Better is} 25... Nh7 $14) 26. f6 $18 Qe3 (26... Qxf6 $142 27. Qxf6 gxf6 28. Rxf6 c5 29. Rxh6 Rad8) 27. fxg7 Qxf2+ 28. Rxf2 ({Don't play} 28. Bxf2 Ne6 29. Be4 Bb7 $18) 28... Kxg7 29. Rdf1 Re7 30. Bh4 Rc7 31. Bf6+ {[%emt 0:00:42] This bishop pair is nice.} Kg8 32. Rf3 Ng6 (32... Re8 $142 33. Rh3 Nd7 34. Rg3+ (34. Rxh6 Nxf6 35. Rhxf6 c5 $16) 34... Kf8 35. Bg7+ Ke7 36. Bxh6 Nc5 37. Re3+ Ne6 38. Bg5+ Kd6) 33. Rg3 Kh7 $2 (33... Re8 34. Bc3 Re6) 34. h4 h5 35. Rg5 Rac8 36. Rxh5+ Kg8 37. Rh6 {[%emt 0:01:55] [#] Threatening mate with Rf5.} Kf8 38. h5 Ne7 39. Rh8+ {[%emt 0:00:08] Weighted Error Value: White=0.22 (precise) /Black=0.65} 1-0

[Event "Marcel Invitational Chess-ch 2022"]
[Site "Dhaka"]
[Date "2022.04.24"]
[Round "6.1"]
[White "Manon, Reja Neer"]
[Black "Mohammad Minhaz Uddin"]
[Result "0-1"]
[ECO "C42"]
[WhiteElo "2209"]
[BlackElo "2267"]
[Annotator "TA"]
[PlyCount "125"]
[EventDate "2022.04.18"]
[EventCountry "BAN"]
[SourceTitle "playchess.com"]
[Source "ChessBase"]
[SourceQuality "1"]
[TimeControl "5400+30"]

1. e4 e5 2. Nf3 Nf6 3. Nxe5 d6 4. Nf3 Nxe4 5. d4 d5 6. Bd3 Nc6 7. O-O Be7 8. c4 Nb4 9. Be2 O-O 10. Nc3 Bf5 11. a3 Nxc3 12. bxc3 Nc6 13. Re1 Re8 14. cxd5 {[%emt 0:00:58] 14.cxd5 was played by the boomers. C42: Petroff Defence: 3 Nxe5 and unusual White 3rd moves.} Qxd5 15. Bf4 Rac8 16. Bd3 {[%emt 0:00:39] Threatens to win with c4. The position is equal.} Bxd3 17. Qxd3 h6 18. h3 Bd6 {[%emt 0:21:33] [#]} 19. c4 $1 Qa5 {[%emt 0:01:04] [#]} 20. Be3 $146 ({Predecessor:} 20. Bd2 Qa4 21. c5 Bf8 22. Rxe8 Rxe8 23. Rc1 Rd8 {½-½ (23) Domancich,E (2411)-Bendana Guerrero,G (2448) ICCF email 2008}) 20... Rcd8 21. Qb3 Qa6 22. Rec1 Rd7 (22... b6 $11) 23. c5 $14 Bf8 24. Rab1 $36 {[%emt 0:01:11][%mdl 2048] Black is under pressure.} Nd8 25. d5 (25. Ne5 {feels hotter.} Rde7 26. f4 c6 27. f5) 25... b6 $2 (25... c6 $1 $11) 26. c6 $18 Rde7 27. Bf4 Qc8 28. Re1 Re4 29. Qd3 $2 (29. Bg3 $18) 29... f5 $1 $14 {[%emt 0:00:12] [#]} 30. Bd2 $1 a5 31. Nd4 {[%emt 0:03:02] Black must now prevent Rxe4.} Bc5 32. Nb3 Bd6 (32... Rxe1+ 33. Rxe1 Rxe1+ 34. Bxe1 Bxa3 35. Nd4 $16) 33. Rxe4 (33. Rbd1 $16) 33... fxe4 $11 34. Qc4 {[%emt 0:00:51] Nd4 is the strong threat.} Nf7 (34... Qf5 $5 35. Re1 Qf7 $11) 35. Re1 (35. Nd4 $5 ) 35... Bxa3 (35... Be5 $11) 36. Rxe4 $2 {[%emt 0:00:32] [#]} (36. Nd4 $1 $14 {stays ahead.}) 36... Nd6 $1 $17 37. Rxe8+ Qxe8 38. Qg4 Qe4 {[%emt 0:00:54] Strongly threatening ...a4.} 39. Qxe4 (39. Nd4 $17) 39... Nxe4 {[%emt 0:00:01][%mdl 4096] Endgame KBN-KBN} 40. Bf4 Bd6 41. Bc1 Nc3 {[%emt 0:00:35] Hoping for ...a4.} 42. Nd4 Bc5 ({Not} 42... Nxd5 $2 43. Kf1) 43. Ne6 Nxd5 44. Bb2 $2 (44. Nxc5 bxc5 45. Kf1) 44... Bd6 $19 45. Nxg7 a4 46. Nf5 a3 47. Bxa3 Bxa3 48. Nxh6+ Kg7 49. Nf5+ Kf6 50. Nd4 Nc3 {[%emt 0:00:51] Against Nb5} 51. h4 (51. Kf1 {was necessary.}) 51... Bc5 52. Nb3 Ne4 53. Nxc5 Nxc5 {[%emt 0:00:58] KN-KP. Black mates.} 54. Kf1 Ne6 55. Ke2 Nd4+ 56. Kd3 Nxc6 {[%emt 0:00:01] KN-K3P} 57. Ke4 Ne5 58. f3 b5 59. g4 b4 60. g5+ Ke6 61. f4 {[%emt 0:00:14] [#]} b3 $1 62. f5+ (62. Ke3 b2) 62... Kd6 63. Kd4 {[%emt 0:04:26] What a bad dream for White.  Weighted Error Value: White=0.43/Black=0.16 (very precise)} 0-1

[Event "Marcel Invitational Chess-ch 2022"]
[Site "Dhaka"]
[Date "2022.04.24"]
[Round "6.3"]
[White "Ahmed, Shafiq"]
[Black "Ahmed, Sheikh Nasir"]
[Result "1/2-1/2"]
[ECO "B85"]
[WhiteElo "2090"]
[BlackElo "2168"]
[Annotator "TA"]
[PlyCount "141"]
[EventDate "2022.04.18"]
[EventCountry "BAN"]
[SourceTitle "playchess.com"]
[Source "ChessBase"]
[SourceQuality "1"]
[TimeControl "5400+30"]

1. e4 c5 2. Nf3 e6 3. d4 cxd4 4. Nxd4 Nc6 5. Nc3 Qc7 6. Be3 Nf6 7. Be2 Be7 8. O-O O-O 9. f4 d6 10. Qe1 a6 11. Qg3 Nxd4 12. Bxd4 b5 13. Bd3 {[%emt 0:05:23] B85: Sicilian Scheveningen: 6 Be2 a6, lines with early Be3.} b4 14. Nd1 Bb7 15. Nf2 g6 {[%emt 0:13:10] [#]} 16. f5 $146 (16. e5 $5 Nh5 17. Qe3 $11) ({Predecessor:} 16. Ng4 Nxg4 17. Qxg4 e5 18. Be3 exf4 19. Qxf4 Qa5 20. Bc4 d5 21. Bxd5 Bxd5 22. exd5 Qxd5 {½-½ (28) Peltola,L-Leino,J (2170) Salokangas 1996}) 16... e5 17. Be3 Rfe8 (17... Kh8 $11 {remains equal.} 18. Qf3 d5) 18. Bg5 (18. Ng4 $16 {Black must now prevent fxg6.} Nxg4 19. Qxg4) 18... Nh5 $11 19. Qh4 Qd8 20. Bxe7 Qxe7 21. Qg4 (21. Qxe7 $14 Rxe7 22. Ng4) 21... d5 22. exd5 Bxd5 23. fxg6 ({Better is} 23. Rae1 $11) 23... hxg6 $15 24. Ne4 (24. Rae1 $142) 24... Bxe4 (24... Nf4 $17 25. Qg5 Kg7) 25. Bxe4 Rad8 26. Qf3 {[%emt 0:00:56] Against Nf6} Kg7 27. Rf2 Rd6 28. Raf1 Rf6 ({Weaker is} 28... Nf4 29. Bd3 $15) 29. Qe3 Rxf2 30. Rxf2 Rd8 31. Bd3 Qd6 (31... Nf6 $17 {Hoping for ...Ng4.} 32. h3 Nd5) 32. Qa7 (32. Re2 $15) 32... Nf4 33. Bf1 Qd1 (33... Rd7 $1 $17 34. Qxa6 Qd4) 34. Qxa6 (34. Qe7 $11 Qd6 35. Qxd6 Rxd6 36. g3) 34... Qd4 (34... Qe1 $1 $19 {[%cal Re1e3] and Black stays clearly on top.} 35. Qb6 Rd4) 35. g3 $2 {[%emt 0:01:05][%mdl 8192] [#]} (35. Qb7 $17 {is more resistant.}) 35... Ne6 $2 ({Black should play} 35... Rd6 $1 $19 36. Qb5 Rb6) 36. Qb7 Rd7 37. Qb5 (37. Qf3 $1 $15) 37... Rc7 $1 $17 38. Qd3 Qxb2 (38... e4 $1 $19 {[%cal Re4d3] has better winning chances.} 39. Qxd4+ Nxd4) 39. c4 Qc3 (39... Qc1 $17) 40. Qxc3 $1 $11 bxc3 {[%emt 0:00:01][%mdl 4096] Endgame KRB-KRN} 41. Rc2 Ra7 {[%emt 0:00:01] Strongly threatening ...Ra3.} 42. Rxc3 Rxa2 43. c5 Ra7 44. h4 Rc7 45. c6 Nd4 46. Kf2 Rxc6 47. Rxc6 Nxc6 $17 {[%emt 0:00:02] KB-KN} 48. Ke3 f5 $1 49. Bb5 Nd4 50. Be8 Kf6 51. Kd3 Ne6 52. h5 $2 (52. Ke3 $17) 52... g5 (52... gxh5 $142 53. Bb5 Nc5+ 54. Ke2 Kg5) 53. h6 $19 {[%emt 0:00:05] [#]} Nf8 $2 (53... Nc5+ $1 $19 54. Ke3 Ne4) 54. g4 $1 $11 {[%emt 0:01:43] The position is equal.} fxg4 {[%emt 0:02:21] ...g3 is the strong threat.} 55. Ke4 Ke6 (55... Ne6 $5 56. h7 Kg7 57. Kxe5 {[#]} g3 $1 $11) 56. Bh5 g3 57. Kf3 Kf5 58. Kxg3 Nh7 59. Bf7 Nf6 60. Kh3 e4 61. Kg3 g4 62. Bg8 Kg6 (62... Nxg8 $2 63. h7 Ne7 64. h8=Q $18) 63. Be6 e3 64. Bc4 Kg5 {[%emt 0:03:40] ( -> ...Nh5+)} 65. Be2 $1 Nh5+ 66. Kh2 {[%emt 0:01:10] Intending h7 and mate.} g3+ 67. Kh3 Kxh6 68. Bxh5 {[%emt 0:00:06][%mdl 64] Remove Defender} Kxh5 69. Kxg3 Kh6 (69... e2 $5 70. Kf2 Kh6 $11) 70. Kf3 Kg7 71. Kxe3 {[%emt 0:00:30] Weighted Error Value: White=0.44/Black=0.46} 1/2-1/2

[Event "Marcel Invitational Chess-ch 2022"]
[Site "Dhaka"]
[Date "2022.04.24"]
[Round "6.4"]
[White "Nasim Hossain, Bhuiyan"]
[Black "Islam, Khandaker Aminul"]
[Result "0-1"]
[ECO "C59"]
[WhiteElo "1871"]
[BlackElo "2153"]
[Annotator "TA"]
[PlyCount "96"]
[EventDate "2022.04.18"]
[EventCountry "BAN"]
[SourceTitle "playchess.com"]
[Source "ChessBase"]
[SourceQuality "1"]
[TimeControl "5400+30"]

1. e4 e5 2. Bc4 Nc6 3. Nf3 Nf6 4. Ng5 d5 5. exd5 Na5 6. Bb5+ c6 7. dxc6 bxc6 8. Be2 h6 9. Nf3 {[%emt 0:00:04] 9.Nf3 has become a bit dusty these days.} e4 10. Ne5 Bc5 11. O-O {[%emt 0:09:41] C59: Two Knights: 4 Ng5 d5 5 exd5 Na5 5 Bb5+ c6 6 dxc6 bxc6 7 Be2.} O-O (11... Qd4 $5 12. Ng4 Bxg4 13. Bxg4 e3 14. fxe3 Qxg4 15. Qxg4 Nxg4 $11) 12. c3 {[%emt 0:01:42] Against Qd4} (12. d3 {feels hotter.} Re8 13. Ng4 Bxg4 14. Bxg4 Nxg4 15. Qxg4 exd3 16. cxd3 Qd4 17. Qxd4 Bxd4 18. Nd2) 12... Bd6 13. d4 {[%emt 0:01:05] The position is equal.} exd3 $1 14. Nxd3 Qc7 15. g3 Bf5 16. b4 {[%emt 0:06:21] [#]} Nb7 $146 {[%emt 0:04:18][%mdl 1024] Black has compensation.} (16... Nc4 $5 ) ({Predecessor:} 16... Nc4 17. Nd2 Nxd2 18. Bxd2 a5 19. Re1 Rfd8 20. a3 Ne4 21. Bf1 axb4 22. cxb4 Be5 {½-½ (29) Dothan,Y (2582)-Voiculescu,C (2483) ICCF email 2015}) 17. Be3 Rfd8 18. Bd4 Be7 19. Bf3 Nd5 (19... a5 $11 20. Ne5 Nd5) 20. Bxd5 $14 Rxd5 21. Nf4 Rd7 22. Qf3 Bf8 (22... Bg5 $14) 23. Nh5 (23. Nd2 $16) 23... Bg6 $11 24. Nf6+ $2 gxf6 $17 25. Qxf6 {[%emt 0:00:03][%csl Gd4][%cal Rf6h8] [#]} Rxd4 $1 26. Qxd4 c5 27. Qc4 Rd8 {[%emt 0:10:05] Inhibits Nd2.} 28. Na3 Bd3 {[%emt 0:00:29] &Nero is more active.} 29. Qg4+ Bg7 {[%emt 0:00:13] A strong pair of Bishops.} 30. Rfe1 cxb4 31. Re3 $2 {[%emt 0:04:53][%mdl 8192] This costs White the game.} bxa3 $19 32. Rae1 Bg6 33. h4 h5 34. Qa4 Nc5 35. Qxa3 Nd3 36. Re8+ Rxe8 37. Rxe8+ Kh7 {[%emt 0:00:01] ...Qb6 is the strong threat.} 38. Re7 Qxc3 (38... Qb6 $142 39. Qxa7 Qb1+ 40. Kh2 Ne5 41. Rxe5 Bxe5) 39. Qxc3 Bxc3 40. Rxa7 {[%emt 0:00:09] [#]} Nxf2 $1 41. a4 (41. Ra3 Ne4) 41... Ne4 42. Kg2 Be5 43. a5 Nxg3 {[%emt 0:01:04] And now ...Be4+ would win.} 44. a6 (44. Re7 $142 Bd6 45. Re1 Be4+ 46. Kf2) 44... Be4+ 45. Kh3 Kg7 {[%emt 0:07:40] ( -> ...Ne2)} 46. Re7 Kf6 47. Re8 Nf5 (47... Nf1 $142 48. Rg8 Ne3 49. Rg5 Bc6 50. Rg3 Bxg3 51. Kxg3 Ng4 52. Kf4 Bh1 53. a7 Ba8 54. Kg3 Ke5 55. Kh3 f5 56. Kg3 f4+ 57. Kh3 f3 58. Kg3 f2 59. Kh3 f1=Q+ 60. Kg3 Qg2#) 48. a7 Ne3 {[%emt 0:42:17] Weighted Error Value: White=0.74/Black=0.26 (precise)} 0-1